Sabres vs Blackhawks
Created - 27 février 2014 at 19:07
Goals
|
| Sabres |
1 |
1 |
0 |
2 |
| Blackhawks |
1 |
0 |
2 |
3 |
|
Shots
|
| Sabres |
17 |
9 |
13 |
39 |
| Blackhawks |
6 |
15 |
14 |
35 |
|
1st period
1. Sabres , Steve Downie 18 (Ladislav Smid, Ryan Hollweg) at 1:57
2. Blackhawks , Kris Versteeg 43 (Brendon Nash, Stephane Robidas) at 14:06
Penalties :
Brendon Nash (Chi) for Hooking (Minor) at 11:46, Loui Eriksson (Chi) for Tripping (Minor) at 15:15
2nd period
3. Sabres , Peter Prucha 6 (Boyd Devereaux, Kyle Calder) at 19:15
Penalties :
Scott Gomez (Chi) for Delaying the game (Minor) at 9:29, Craig Rivet (Buf) for Tripping (Minor) at 16:00
3rd period
4. Blackhawks , Brent Burns 5 (Scott Gomez) at 9:41
5. Blackhawks , Scott Gomez 31 (Kris Versteeg) at 17:35 (PP)
Penalties :
Brendon Nash (Chi) for Interference (Minor) at 1:49, Daniel Carcillo (Chi) for Holding (Minor) at 4:24, Ole-Kristian Tollefsen (Buf) for Hooking (Minor) at 17:25, Peter Prucha (Buf) for Hooking (Minor) at 19:14
Goalie Stats
Ty Conklin (Buf), 32 saves from 35 shots - (0,914), L, 12-15-2, 60:00 minutes
Roberto Luongo (Chi), 37 saves from 39 shots - (0,949), W, 27-16-6, 60:00 minutes
Players Stats for Sabres
Player Name G A P +/- PIM S H SB GA TA FO MP PP MP PK MP
------------------------------------------------------------------------------------
Boyd Devereaux 0 1 1 -1 0 0 1 0 0 1 4/7 14:05 0:00 1:44
Craig Rivet 0 0 0 0 2 2 1 1 0 1 0/0 23:44 4:57 0:07
Curtis Glencross 0 0 0 0 0 4 0 1 0 0 0/0 6:56 0:00 0:47
Derick Brassard 0 0 0 0 0 2 3 0 1 0 13/34 21:49 5:08 0:15
James Neal 0 0 0 0 0 1 0 0 0 0 2/2 21:34 5:08 0:00
Jason Smith 0 0 0 -2 0 3 1 2 0 2 0/0 25:53 4:58 2:01
Johnny Boychuk 0 0 0 0 0 2 0 0 0 1 0/0 24:31 4:57 0:53
Kyle Calder 0 1 1 -1 0 4 4 0 0 0 0/1 12:21 0:00 0:00
Ladislav Smid 0 1 1 2 0 1 0 1 0 0 0/0 10:32 0:00 0:56
Mats Sundin 0 0 0 1 0 1 1 1 0 0 8/13 17:20 4:47 0:18
Mike Fisher 0 0 0 0 0 1 0 0 2 0 1/2 7:58 0:00 1:49
Nathan Paetsch 0 0 0 2 0 0 0 0 0 0 0/0 9:36 0:00 0:00
Niclas Bergfors 0 0 0 0 0 7 1 0 1 0 2/3 21:34 5:08 0:00
Ole-Kristian Tollefsen 0 0 0 -2 2 1 1 1 0 1 0/0 25:42 4:58 1:51
Peter Prucha 1 0 1 -1 2 2 1 0 0 0 0/0 12:20 0:00 0:00
Richard Zednik 0 0 0 0 0 1 0 0 0 0 0/0 6:09 0:00 0:00
Ryan Hollweg 0 1 1 1 0 6 0 0 0 1 0/0 17:02 4:47 0:00
Steve Downie 1 0 1 1 0 1 2 0 1 0 0/1 17:57 4:47 0:55
Players Stats for Blackhawks
Player Name G A P +/- PIM S H SB GA TA FO MP PP MP PK MP
------------------------------------------------------------------------------------
Brendon Nash 0 1 1 1 4 1 0 0 0 0 0/0 11:15 0:00 0:00
Brent Burns 1 0 1 0 0 1 1 3 1 0 0/0 26:02 1:41 6:21
Chris Campoli 0 0 0 0 0 0 1 1 0 2 0/0 16:00 1:13 0:00
Chris Gratton 0 0 0 0 0 1 0 0 0 0 1/3 7:58 0:00 0:19
Christian Ehrhoff 0 0 0 -1 0 1 0 0 0 0 0/0 25:31 1:13 6:21
Colby Armstrong 0 0 0 0 0 1 3 1 0 1 0/0 13:49 0:00 5:55
Daniel Carcillo 0 0 0 1 2 2 0 0 1 0 1/1 13:49 0:00 2:52
George Parros 0 0 0 0 0 0 1 0 0 0 0/0 10:15 0:00 0:00
Hnat Domenichelli 0 0 0 0 0 1 1 0 0 0 0/0 7:49 0:00 0:16
Joe Sakic 0 0 0 -2 0 1 5 1 1 1 9/15 14:01 1:24 0:00
Jordan Staal 0 0 0 0 0 4 0 1 1 0 6/9 14:15 0:00 3:22
Kris Versteeg 1 1 2 2 0 6 0 0 1 0 3/5 19:57 1:30 2:04
Loui Eriksson 0 0 0 -2 2 4 2 1 0 0 0/0 14:17 1:24 0:00
Rene Bourque 0 0 0 1 0 0 0 0 0 1 1/1 17:03 1:30 0:00
Richard Matvichuk 0 0 0 1 0 0 1 1 0 0 0/0 15:11 0:00 3:34
Scott Gomez 1 1 2 1 2 5 1 2 1 0 12/29 22:26 1:30 5:02
Stephane Robidas 0 1 1 0 0 1 2 1 1 0 0/0 26:21 1:41 3:34
Steve Bernier 0 0 0 -2 0 6 1 3 0 0 0/0 14:01 1:24 0:00
3 Stars
1 - Kris Versteeg (Chi)
2 - Scott Gomez (Chi)
3 - Steve Downie (Buf)
Power Play
Sabres - 0 on 5 Attempt(s) - 0,00%
Blackhawks - 1 on 3 Attempt(s) - 33,33%
Penalty Kill
Sabres - 2 on 3 Attempt(s) - 66,67%
- Score 0 goal in Penalty Kill
Blackhawks - 5 on 5 Attempt(s) - 100,00%
- Score 0 goal in Penalty Kill
Official
Referees : Walsh Ian and Peel Tim
Linesman : Mike Cvik and David Brisebois
Game Notes
No Game Note
Finance
Level 1 -- Attendance: 4473 (74,55%) -- Ticket Income 393 624 $
Level 2 -- Attendance: 3424 (68,48%) -- Ticket Income 181 472 $
Level 3 -- Attendance: 1359 (67,95%) -- Ticket Income 46 206 $
Level 4 -- Attendance: 3019 (75,48%) -- Ticket Income 66 418 $
Luxury Box -- Attendance: 830 (83,00%) -- Ticket Income 136 950 $
Game was played at the Chicago Stadium
Total Attendance: 13105 (72,81%)
Total Ticket Income: 824 670 $
Other Income: 123 700 $
Total Income: 948 370 $
Sabres
5 vs 5 Forward
Center Left Wing Right Wing Time % Phy DF OF
1 Derick Brassard James Neal Niclas Bergfors 40 1 2 2
2 Mats Sundin Ryan Hollweg Steve Downie 30 1 2 2
3 Boyd Devereaux Kyle Calder Peter Prucha 20 1 3 1
4 Mike Fisher Curtis Glencross Richard Zednik 10 1 3 1
5 vs 5 Defense
Defense Defense Time % Phy DF OF
1 Ole-Kristian Tollefsen Jason Smith 35 1 3 1
2 Johnny Boychuk Craig Rivet 35 1 3 1
3 Ladislav Smid Nathan Paetsch 20 1 3 1
4 Ole-Kristian Tollefsen Jason Smith 10 1 1 3
PowerPlay Forward
Center Left Wing Right Wing Time % Phy DF OF
1 Derick Brassard James Neal Niclas Bergfors 60 0 1 4
2 Mats Sundin Ryan Hollweg Steve Downie 40 2 0 3
PowerPlay Defense
Defense Defense Time % Phy DF OF
1 Johnny Boychuk Craig Rivet 60 1 1 3
2 Ole-Kristian Tollefsen Jason Smith 40 1 1 3
Penalty Kill 4 Players Forward
Center Wing Time % Phy DF OF
1 Boyd Devereaux Mike Fisher 60 1 4 0
2 Mats Sundin Steve Downie 40 1 3 1
Penalty Kill 4 Players Defense
Defense Defense Time % Phy DF OF
1 Ole-Kristian Tollefsen Jason Smith 60 1 4 0
2 Johnny Boychuk Craig Rivet 40 1 4 0
Penalty Kill - 3 Players Forward
Forward Time % Phy DF OF
1 Boyd Devereaux 60 0 5 0
2 Mats Sundin 40 0 5 0
Penalty Kill - 3 Players Defense
Defense Defense Time % Phy DF OF
1 Ole-Kristian Tollefsen Jason Smith 60 1 4 0
2 Johnny Boychuk Craig Rivet 40 1 4 0
4 vs 4 Forward
Center Wing Time % Phy DF OF
1 Boyd Devereaux Niclas Bergfors 60 0 3 2
2 Mats Sundin Mike Fisher 40 1 3 1
4 vs 4 Defense
Defense Defense Time % Phy DF OF
1 Johnny Boychuk Craig Rivet 60 1 3 1
2 Ole-Kristian Tollefsen Jason Smith 40 1 3 1
Last Minutes Offensive
Center Left Wing Right Wing Defense Defense
Derick Brassard Mats Sundin Niclas Bergfors Ole-Kristian Tollefsen Jason Smith
Last Minutes Defensive
Center Left Wing Right Wing Defense Defense
Mats Sundin Boyd Devereaux Mike Fisher Ole-Kristian Tollefsen Jason Smith
Goaltenders
Starting : Ty Conklin
Backup : Mike Brodeur
Extra Forwards
Normal : James Neal, Mike Fisher, Peter Prucha - PP : Kyle Calder, Peter Prucha - PK : Steve Downie
Extra Defensemen
Normal : Nathan Paetsch, Ladislav Smid, Johnny Boychuk - PP : Nathan Paetsch - PK : Ladislav Smid, Nathan Paetsch
Penalty Shots
Peter Prucha, Niclas Bergfors, Mats Sundin, James Neal, Boyd Devereaux
Blackhawks
5 vs 5 Forward
Center Left Wing Right Wing Time % Phy DF OF
1 Scott Gomez Kris Versteeg Rene Bourque 40 1 2 2
2 Joe Sakic Loui Eriksson Steve Bernier 30 1 2 2
3 Jordan Staal Daniel Carcillo George Parros 20 1 2 2
4 Chris Gratton Hnat Domenichelli Colby Armstrong 10 1 2 2
5 vs 5 Defense
Defense Defense Time % Phy DF OF
1 Stephane Robidas Christian Ehrhoff 40 1 2 2
2 Brent Burns Chris Campoli 30 1 2 2
3 Richard Matvichuk Brendon Nash 20 1 2 2
4 Stephane Robidas Brent Burns 10 1 2 2
PowerPlay Forward
Center Left Wing Right Wing Time % Phy DF OF
1 Scott Gomez Kris Versteeg Rene Bourque 60 1 1 3
2 Joe Sakic Loui Eriksson Steve Bernier 40 1 1 3
PowerPlay Defense
Defense Defense Time % Phy DF OF
1 Stephane Robidas Brent Burns 60 1 1 3
2 Christian Ehrhoff Chris Campoli 40 1 1 3
Penalty Kill 4 Players Forward
Center Wing Time % Phy DF OF
1 Scott Gomez Colby Armstrong 60 1 3 1
2 Jordan Staal Daniel Carcillo 40 1 3 1
Penalty Kill 4 Players Defense
Defense Defense Time % Phy DF OF
1 Brent Burns Christian Ehrhoff 60 1 4 0
2 Stephane Robidas Richard Matvichuk 40 1 4 0
Penalty Kill - 3 Players Forward
Forward Time % Phy DF OF
1 Scott Gomez 60 1 2 2
2 George Parros 40 1 2 2
Penalty Kill - 3 Players Defense
Defense Defense Time % Phy DF OF
1 Stephane Robidas Christian Ehrhoff 60 1 2 2
2 Brent Burns Richard Matvichuk 40 1 2 2
4 vs 4 Forward
Center Wing Time % Phy DF OF
1 Scott Gomez Kris Versteeg 60 1 2 2
2 Joe Sakic Rene Bourque 40 1 2 2
4 vs 4 Defense
Defense Defense Time % Phy DF OF
1 Stephane Robidas Christian Ehrhoff 60 1 2 2
2 Brent Burns Chris Campoli 40 1 2 2
Last Minutes Offensive
Center Left Wing Right Wing Defense Defense
Scott Gomez Kris Versteeg Rene Bourque Stephane Robidas Brent Burns
Last Minutes Defensive
Center Left Wing Right Wing Defense Defense
Scott Gomez Kris Versteeg Colby Armstrong Brent Burns Christian Ehrhoff
Goaltenders
Starting : Roberto Luongo
Backup : Jocelyn Thibault
Extra Forwards
Normal : Colby Armstrong, Loui Eriksson, George Parros - PP : Colby Armstrong, Kris Versteeg - PK : Kris Versteeg
Extra Defensemen
Normal : Richard Matvichuk, Chris Campoli, Brent Burns - PP : Brent Burns - PK : Chris Campoli, Christian Ehrhoff
Penalty Shots
Scott Gomez, Joe Sakic, Kris Versteeg, Rene Bourque, Colby Armstrong
% Time on Ice - Sabres
Lines # - Real PCT - Wanted PCT - Time Play
Normal Forward
1 - 35% - 40% - 16:26
2 - 26% - 30% - 12:15
3 - 26% - 20% - 12:21
4 - 13% - 10% - 6:09
Normal Defense
1 - 36% - 35% - 16:48
2 - 40% - 35% - 18:39
3 - 20% - 20% - 9:36
4 - 5% - 10% - 2:08
PP Forward
1 - 52% - 60% - 5:08
2 - 48% - 40% - 4:47
PP Defense
1 - 50% - 60% - 4:57
2 - 50% - 40% - 4:58
PK Forward
1 - 90% - 60% - 2:36
2 - 10% - 40% - 0:18
PK Defense
1 - 70% - 60% - 2:01
2 - 30% - 40% - 0:53
PK3 Forward
1 - 0% - 60%
2 - 0% - 40%
PK3 Defense
1 - 0% - 60%
2 - 0% - 40%
44 Forward
1 - 0% - 60%
2 - 0% - 40%
44 Defense
1 - 0% - 60%
2 - 0% - 40%
Last Minute Offensive - 0:00
Last Minute Defensive - 0:00
Total
Forward - 60:00
Defense - 60:00
|
% Time on Ice - Blackhawks
Lines # - Real PCT - Wanted PCT - Time Play
Normal Forward
1 - 35% - 40% - 16:24
2 - 28% - 30% - 12:59
3 - 22% - 20% - 10:15
4 - 16% - 10% - 7:33
Normal Defense
1 - 40% - 40% - 18:41
2 - 31% - 30% - 14:42
3 - 23% - 20% - 10:55
4 - 6% - 10% - 2:53
PP Forward
1 - 52% - 60% - 1:30
2 - 48% - 40% - 1:24
PP Defense
1 - 58% - 60% - 1:41
2 - 42% - 40% - 1:13
PK Forward
1 - 75% - 60% - 7:27
2 - 25% - 40% - 2:28
PK Defense
1 - 64% - 60% - 6:21
2 - 36% - 40% - 3:34
PK3 Forward
1 - 0% - 60%
2 - 0% - 40%
PK3 Defense
1 - 0% - 60%
2 - 0% - 40%
44 Forward
1 - 0% - 60%
2 - 0% - 40%
44 Defense
1 - 0% - 60%
2 - 0% - 40%
Last Minute Offensive - 0:00
Last Minute Defensive - 0:00
Total
Forward - 60:00
Defense - 60:00
|
Play by Play
1st period
0:01 of 1st period - Scott Gomez wins face-off versus Derick Brassard in neutral zone.
0:10 of 1st period - Snap shot by Kris Versteeg.
0:10 of 1st period - Shot Misses the Net.
1:03 of 1st period - Icing by Craig Rivet.
1:04 of 1st period - Mike Fisher wins face-off versus Chris Gratton in Sabres zone.
1:04 of 1st period - Mike Fisher is hit by Chris Campoli.
1:53 of 1st period - Snap shot by Ryan Hollweg.
1:53 of 1st period - Stopped by Roberto Luongo with a rebound.
1:55 of 1st period - Slapshot by Ladislav Smid.
1:55 of 1st period - Stopped by Roberto Luongo with a rebound.
1:57 of 1st period - Snap shot by Steve Downie.
1:57 of 1st period - Goal by Steve Downie - Sabres : 1 - Blackhawks : 0.
1:58 of 1st period - Jordan Staal wins face-off versus Derick Brassard in neutral zone.
2:08 of 1st period - Slapshot by Derick Brassard.
2:08 of 1st period - Stopped by Roberto Luongo with a rebound.
2:57 of 1st period - Wrist shot by Kyle Calder.
2:57 of 1st period - Stopped by Roberto Luongo without a rebound.
2:58 of 1st period - Niclas Bergfors wins face-off versus Scott Gomez in Blackhawks zone.
3:01 of 1st period - Wrist shot by Niclas Bergfors.
3:01 of 1st period - Stopped by Roberto Luongo with a rebound.
3:03 of 1st period - Slapshot by Jason Smith.
3:03 of 1st period - Stopped by Roberto Luongo without a rebound.
3:04 of 1st period - Scott Gomez wins face-off versus Derick Brassard in Blackhawks zone.
3:28 of 1st period - Off-side.
3:29 of 1st period - Joe Sakic wins face-off versus Mats Sundin in neutral zone.
4:48 of 1st period - Wrist shot by Loui Eriksson.
4:48 of 1st period - Stopped by Ty Conklin with a rebound.
5:09 of 1st period - Snap shot by Hnat Domenichelli.
5:09 of 1st period - Stopped by Ty Conklin with a rebound.
5:11 of 1st period - Slapshot by Brendon Nash.
5:11 of 1st period - Stopped by Ty Conklin with a rebound.
5:13 of 1st period - Slapshot by Colby Armstrong.
5:13 of 1st period - Shot Misses the Net.
5:32 of 1st period - Slapshot by Stephane Robidas.
5:32 of 1st period - Shot Blocked by Ladislav Smid.
7:11 of 1st period - Snap shot by Niclas Bergfors.
7:11 of 1st period - Shot Blocked by Brent Burns.
7:13 of 1st period - Backhand shot by James Neal.
7:13 of 1st period - Stopped by Roberto Luongo without a rebound.
7:14 of 1st period - Mats Sundin wins face-off versus Joe Sakic in Blackhawks zone.
7:17 of 1st period - Snap shot by Ryan Hollweg.
7:17 of 1st period - Stopped by Roberto Luongo without a rebound.
7:18 of 1st period - Mats Sundin wins face-off versus Joe Sakic in Blackhawks zone.
7:21 of 1st period - Wrist shot by Ryan Hollweg.
7:21 of 1st period - Stopped by Roberto Luongo with a rebound.
8:51 of 1st period - Wrist shot by Steve Downie.
8:51 of 1st period - Deflect By Mats Sundin.
8:51 of 1st period - Shot Blocked by Steve Bernier.
8:51 of 1st period - Puck is out of play.
8:52 of 1st period - Mats Sundin wins face-off versus Scott Gomez in Blackhawks zone.
9:04 of 1st period - Icing by Ole-Kristian Tollefsen.
9:05 of 1st period - Mats Sundin wins face-off versus Scott Gomez in Sabres zone.
9:10 of 1st period - Brent Burns is hit by Steve Downie and loses puck.
9:17 of 1st period - Wrist shot by Ryan Hollweg.
9:17 of 1st period - Shot Blocked by Scott Gomez.
9:19 of 1st period - Snap shot by Jason Smith.
9:19 of 1st period - Shot Misses the Net.
9:25 of 1st period - Snap shot by Mats Sundin.
9:25 of 1st period - Deflect By Ryan Hollweg.
9:25 of 1st period - Stopped by Roberto Luongo with a rebound.
9:27 of 1st period - Slapshot by Jason Smith.
9:27 of 1st period - Stopped by Roberto Luongo with a rebound.
9:33 of 1st period - Snap shot by Mats Sundin.
9:33 of 1st period - Shot Misses the Net.
10:00 of 1st period - Wrist shot by Ryan Hollweg.
10:00 of 1st period - Stopped by Roberto Luongo without a rebound.
10:01 of 1st period - Derick Brassard wins face-off versus Joe Sakic in Blackhawks zone.
10:14 of 1st period - Derick Brassard is hit by Joe Sakic and loses puck.
10:33 of 1st period - Slapshot by Kyle Calder.
10:33 of 1st period - Stopped by Roberto Luongo without a rebound.
10:34 of 1st period - Jordan Staal wins face-off versus Boyd Devereaux in Blackhawks zone.
11:44 of 1st period - Snap shot by Mats Sundin.
11:44 of 1st period - Shot Blocked by Richard Matvichuk.
11:46 of 1st period - Minor Penalty to Brendon Nash for Hooking.
11:47 of 1st period - James Neal wins face-off versus Scott Gomez in Blackhawks zone.
12:14 of 1st period - Colby Armstrong is hit by Craig Rivet.
13:14 of 1st period - Icing by Mats Sundin.
13:15 of 1st period - Mats Sundin wins face-off versus Jordan Staal in Sabres zone.
13:46 of 1st period - Penalty to Brendon Nash is over, Brendon Nash is back on ice.
13:56 of 1st period - Snap shot by Kris Versteeg.
13:56 of 1st period - Shot Misses the Net.
13:58 of 1st period - Slapshot by Stephane Robidas.
13:58 of 1st period - Stopped by Ty Conklin with a rebound.
14:00 of 1st period - Wrist shot by Kris Versteeg.
14:00 of 1st period - Shot Misses the Net.
14:02 of 1st period - Wrist shot by Daniel Carcillo.
14:02 of 1st period - Shot Misses the Net.
14:04 of 1st period - Slapshot by Stephane Robidas.
14:04 of 1st period - Shot Blocked by Jason Smith.
14:06 of 1st period - Wrist shot by Brendon Nash.
14:06 of 1st period - Deflect By Kris Versteeg.
14:06 of 1st period - Goal by Kris Versteeg - Sabres : 1 - Blackhawks : 1.
14:07 of 1st period - Joe Sakic wins face-off versus Derick Brassard in neutral zone.
14:45 of 1st period - Snap shot by Scott Gomez.
14:45 of 1st period - Shot Blocked by Mats Sundin.
14:47 of 1st period - Backhand shot by Christian Ehrhoff.
14:47 of 1st period - Stopped by Ty Conklin without a rebound.
14:48 of 1st period - Derick Brassard wins face-off versus Jordan Staal in Sabres zone.
14:53 of 1st period - George Parros is hit by Derick Brassard and loses puck.
15:15 of 1st period - Minor Penalty to Loui Eriksson for Tripping.
15:16 of 1st period - Derick Brassard wins face-off versus Scott Gomez in Blackhawks zone.
15:17 of 1st period - Wrist shot by Niclas Bergfors.
15:17 of 1st period - Shot Misses the Net.
15:19 of 1st period - Snap shot by James Neal.
15:19 of 1st period - Shot Misses the Net.
15:21 of 1st period - Snap shot by Johnny Boychuk.
15:21 of 1st period - Shot Blocked by Brent Burns.
15:23 of 1st period - Snap shot by Niclas Bergfors.
15:23 of 1st period - Stopped by Roberto Luongo with a rebound.
15:25 of 1st period - Wrist shot by Niclas Bergfors.
15:25 of 1st period - Stopped by Roberto Luongo without a rebound.
15:26 of 1st period - Scott Gomez wins face-off versus Derick Brassard in Blackhawks zone.
15:37 of 1st period - Snap shot by Niclas Bergfors.
15:37 of 1st period - Shot Misses the Net.
15:39 of 1st period - Slapshot by Craig Rivet.
15:39 of 1st period - Stopped by Roberto Luongo without a rebound.
15:40 of 1st period - Derick Brassard wins face-off versus Scott Gomez in Blackhawks zone.
17:15 of 1st period - Penalty to Loui Eriksson is over, Loui Eriksson is back on ice.
17:21 of 1st period - Icing by Brent Burns.
17:22 of 1st period - Kris Versteeg wins face-off versus Boyd Devereaux in Blackhawks zone.
17:22 of 1st period - Kris Versteeg is hit by Kyle Calder.
18:34 of 1st period - Derick Brassard is hit by Colby Armstrong and loses puck.
18:46 of 1st period - Off-side.
18:47 of 1st period - Joe Sakic wins face-off versus Kyle Calder in neutral zone.
19:12 of 1st period - Derick Brassard is hit by Stephane Robidas and loses puck.
Goals for this period are 1 for Sabres vs 1 for Blackhawks.
Shots for this period are 17 for Sabres vs 6 for Blackhawks.
2nd period
0:01 of 2nd period - Kris Versteeg wins face-off versus Derick Brassard in neutral zone.
0:06 of 2nd period - Wrist shot by Kris Versteeg.
0:06 of 2nd period - Stopped by Ty Conklin with a rebound.
0:31 of 2nd period - Snap shot by Steve Bernier.
0:31 of 2nd period - Stopped by Ty Conklin with a rebound.
0:47 of 2nd period - Wrist shot by Stephane Robidas.
0:47 of 2nd period - Shot Misses the Net.
0:52 of 2nd period - Off-side.
0:53 of 2nd period - Jordan Staal wins face-off versus Derick Brassard in neutral zone.
1:02 of 2nd period - Slapshot by Daniel Carcillo.
1:02 of 2nd period - Stopped by Ty Conklin with a rebound.
1:06 of 2nd period - Slapshot by Jordan Staal.
1:06 of 2nd period - Stopped by Ty Conklin without a rebound.
1:07 of 2nd period - James Neal wins face-off versus Scott Gomez in Sabres zone.
2:04 of 2nd period - Wrist shot by Jordan Staal.
2:04 of 2nd period - Shot Misses the Net.
2:21 of 2nd period - Wrist shot by Richard Zednik.
2:21 of 2nd period - Stopped by Roberto Luongo with a rebound.
2:23 of 2nd period - Slapshot by Craig Rivet.
2:23 of 2nd period - Shot Blocked by Colby Armstrong.
2:25 of 2nd period - Backhand shot by Craig Rivet.
2:25 of 2nd period - Stopped by Roberto Luongo with a rebound.
2:39 of 2nd period - Kris Versteeg is hit by Derick Brassard and loses puck.
2:54 of 2nd period - Brendon Nash is hit by Steve Downie and loses puck.
3:15 of 2nd period - Daniel Carcillo is hit by Jason Smith and loses puck.
3:20 of 2nd period - Backhand shot by Curtis Glencross.
3:20 of 2nd period - Shot Misses the Net.
3:32 of 2nd period - Colby Armstrong is hit by Kyle Calder and loses puck.
4:38 of 2nd period - Brent Burns is hit by Ole-Kristian Tollefsen and loses puck.
5:40 of 2nd period - Icing by Loui Eriksson.
5:41 of 2nd period - Niclas Bergfors wins face-off versus Joe Sakic in Blackhawks zone.
5:54 of 2nd period - Snap shot by Derick Brassard.
5:54 of 2nd period - Stopped by Roberto Luongo without a rebound.
5:55 of 2nd period - Derick Brassard wins face-off versus Scott Gomez in Blackhawks zone.
6:04 of 2nd period - Wrist shot by Niclas Bergfors.
6:04 of 2nd period - Shot Misses the Net.
6:06 of 2nd period - Slapshot by Johnny Boychuk.
6:06 of 2nd period - Shot Blocked by Scott Gomez.
6:31 of 2nd period - Wrist shot by Loui Eriksson.
6:31 of 2nd period - Stopped by Ty Conklin with a rebound.
6:33 of 2nd period - Slapshot by Stephane Robidas.
6:33 of 2nd period - Shot Misses the Net.
6:46 of 2nd period - Brent Burns is hit by Boyd Devereaux and loses puck.
6:51 of 2nd period - Wrist shot by Peter Prucha.
6:51 of 2nd period - Shot Blocked by Chris Campoli.
6:53 of 2nd period - Snap shot by Kyle Calder.
6:53 of 2nd period - Stopped by Roberto Luongo with a rebound.
7:03 of 2nd period - Ole-Kristian Tollefsen is hit by Colby Armstrong and loses puck.
7:30 of 2nd period - Off-side.
7:31 of 2nd period - Mats Sundin wins face-off versus Scott Gomez in neutral zone.
7:42 of 2nd period - Slapshot by Steve Downie.
7:42 of 2nd period - Shot Misses the Net.
7:44 of 2nd period - Slapshot by Ryan Hollweg.
7:44 of 2nd period - Shot Misses the Net.
7:54 of 2nd period - Johnny Boychuk is hit by Joe Sakic and loses puck.
8:03 of 2nd period - Slapshot by Loui Eriksson.
8:03 of 2nd period - Shot Misses the Net.
8:05 of 2nd period - Wrist shot by Steve Bernier.
8:05 of 2nd period - Stopped by Ty Conklin with a rebound.
8:21 of 2nd period - Wrist shot by Jordan Staal.
8:21 of 2nd period - Shot Blocked by Craig Rivet.
8:23 of 2nd period - Wrist shot by Jordan Staal.
8:23 of 2nd period - Stopped by Ty Conklin with a rebound.
8:25 of 2nd period - Slapshot by Jordan Staal.
8:25 of 2nd period - Stopped by Ty Conklin with a rebound.
8:47 of 2nd period - Mike Fisher is hit by Colby Armstrong and loses puck.
8:58 of 2nd period - Wrist shot by Kris Versteeg.
8:58 of 2nd period - Shot Misses the Net.
9:00 of 2nd period - Backhand shot by Kris Versteeg.
9:00 of 2nd period - Stopped by Ty Conklin with a rebound.
9:02 of 2nd period - Snap shot by Scott Gomez.
9:02 of 2nd period - Stopped by Ty Conklin with a rebound.
9:04 of 2nd period - Snap shot by Scott Gomez.
9:04 of 2nd period - Stopped by Ty Conklin without a rebound.
9:05 of 2nd period - Rene Bourque wins face-off versus Derick Brassard in Sabres zone.
9:06 of 2nd period - Snap shot by Kris Versteeg.
9:06 of 2nd period - Deflect By Rene Bourque.
9:06 of 2nd period - Shot Misses the Net.
9:06 of 2nd period - Puck is out of play.
9:07 of 2nd period - Derick Brassard wins face-off versus Scott Gomez in Sabres zone.
9:07 of 2nd period - Derick Brassard is hit by Scott Gomez.
9:29 of 2nd period - Minor Penalty to Scott Gomez for Delaying the game.
9:30 of 2nd period - Kris Versteeg wins face-off versus Derick Brassard in Blackhawks zone.
11:29 of 2nd period - Penalty to Scott Gomez is over, Scott Gomez is back on ice.
11:58 of 2nd period - Wrist shot by Joe Sakic.
11:58 of 2nd period - Stopped by Ty Conklin with a rebound.
12:00 of 2nd period - Slapshot by Christian Ehrhoff.
12:00 of 2nd period - Shot Misses the Net.
12:02 of 2nd period - Slapshot by Christian Ehrhoff.
12:02 of 2nd period - Shot Blocked by Curtis Glencross.
12:04 of 2nd period - Slapshot by Christian Ehrhoff.
12:04 of 2nd period - Shot Misses the Net.
12:06 of 2nd period - Snap shot by Steve Bernier.
12:06 of 2nd period - Stopped by Ty Conklin with a rebound.
13:07 of 2nd period - Derick Brassard is hit by Hnat Domenichelli and loses puck.
13:38 of 2nd period - Ryan Hollweg is hit by Joe Sakic and loses puck.
13:58 of 2nd period - Wrist shot by Scott Gomez.
13:58 of 2nd period - Shot Misses the Net.
14:00 of 2nd period - Wrist shot by Rene Bourque.
14:00 of 2nd period - Shot Misses the Net.
14:12 of 2nd period - Chris Campoli is hit by Kyle Calder and loses puck.
14:36 of 2nd period - Loui Eriksson is hit by Mats Sundin.
14:40 of 2nd period - Mats Sundin is hit by Joe Sakic and loses puck.
15:17 of 2nd period - James Neal is hit by Brent Burns and loses puck.
15:32 of 2nd period - Icing by Johnny Boychuk.
15:33 of 2nd period - Derick Brassard wins face-off versus Chris Gratton in Sabres zone.
16:00 of 2nd period - Minor Penalty to Craig Rivet for Tripping.
16:01 of 2nd period - Boyd Devereaux wins face-off versus Scott Gomez in Sabres zone.
16:12 of 2nd period - Snap shot by Scott Gomez.
16:12 of 2nd period - Shot Misses the Net.
16:14 of 2nd period - Wrist shot by Scott Gomez.
16:14 of 2nd period - Stopped by Ty Conklin without a rebound.
16:15 of 2nd period - Boyd Devereaux wins face-off versus Scott Gomez in Sabres zone.
16:58 of 2nd period - Snap shot by Curtis Glencross.
16:58 of 2nd period - Stopped by Roberto Luongo with a rebound.
17:00 of 2nd period - Slapshot by Johnny Boychuk.
17:00 of 2nd period - Stopped by Roberto Luongo with a rebound.
17:02 of 2nd period - Slapshot by Johnny Boychuk.
17:02 of 2nd period - Deflect By Joe Sakic.
17:02 of 2nd period - Stopped by Roberto Luongo with a rebound.
17:04 of 2nd period - Slapshot by Steve Downie.
17:04 of 2nd period - Shot Misses the Net.
17:06 of 2nd period - Snap shot by Curtis Glencross.
17:06 of 2nd period - Stopped by Roberto Luongo with a rebound.
17:08 of 2nd period - Slapshot by Ladislav Smid.
17:08 of 2nd period - Shot Blocked by Joe Sakic.
17:10 of 2nd period - Slapshot by Johnny Boychuk.
17:10 of 2nd period - Shot Blocked by Steve Bernier.
18:00 of 2nd period - Penalty to Craig Rivet is over, Craig Rivet is back on ice.
18:16 of 2nd period - Wrist shot by Daniel Carcillo.
18:16 of 2nd period - Stopped by Ty Conklin without a rebound.
18:17 of 2nd period - Jordan Staal wins face-off versus Mats Sundin in Sabres zone.
18:55 of 2nd period - Slapshot by Niclas Bergfors.
18:55 of 2nd period - Shot Misses the Net.
19:05 of 2nd period - Boyd Devereaux is hit by Steve Bernier.
19:15 of 2nd period - Wrist shot by Peter Prucha.
19:15 of 2nd period - Goal by Peter Prucha - Sabres : 2 - Blackhawks : 1.
19:16 of 2nd period - Derick Brassard wins face-off versus Scott Gomez in neutral zone.
19:46 of 2nd period - Snap shot by Mats Sundin.
19:46 of 2nd period - Shot Blocked by Loui Eriksson.
Goals for this period are 1 for Sabres vs 0 for Blackhawks.
Shots for this period are 9 for Sabres vs 15 for Blackhawks.
3rd period
0:01 of 3rd period - Scott Gomez wins face-off versus Derick Brassard in neutral zone.
0:13 of 3rd period - Slapshot by Niclas Bergfors.
0:13 of 3rd period - Stopped by Roberto Luongo with a rebound.
0:15 of 3rd period - Snap shot by Niclas Bergfors.
0:15 of 3rd period - Stopped by Roberto Luongo with a rebound.
0:27 of 3rd period - Ryan Hollweg is hit by Joe Sakic.
1:26 of 3rd period - Snap shot by Mike Fisher.
1:26 of 3rd period - Stopped by Roberto Luongo with a rebound.
1:34 of 3rd period - Wrist shot by Curtis Glencross.
1:34 of 3rd period - Stopped by Roberto Luongo without a rebound.
1:35 of 3rd period - Derick Brassard wins face-off versus Scott Gomez in Blackhawks zone.
1:38 of 3rd period - Wrist shot by Niclas Bergfors.
1:38 of 3rd period - Stopped by Roberto Luongo without a rebound.
1:39 of 3rd period - Derick Brassard wins face-off versus Kris Versteeg in Blackhawks zone.
1:49 of 3rd period - Minor Penalty to Brendon Nash for Interference.
1:50 of 3rd period - Scott Gomez wins face-off versus Niclas Bergfors in Blackhawks zone.
2:02 of 3rd period - Snap shot by James Neal.
2:02 of 3rd period - Deflect By Niclas Bergfors.
2:02 of 3rd period - Shot Misses the Net.
2:02 of 3rd period - Puck is out of play.
2:03 of 3rd period - Scott Gomez wins face-off versus Derick Brassard in Blackhawks zone.
2:12 of 3rd period - Christian Ehrhoff is hit by Derick Brassard and loses puck.
2:35 of 3rd period - Slapshot by Ole-Kristian Tollefsen.
2:35 of 3rd period - Stopped by Roberto Luongo without a rebound.
2:36 of 3rd period - Mats Sundin wins face-off versus Jordan Staal in Blackhawks zone.
3:31 of 3rd period - Slapshot by Brent Burns.
3:31 of 3rd period - Shot Misses the Net.
3:49 of 3rd period - Penalty to Brendon Nash is over, Brendon Nash is back on ice.
3:49 of 3rd period - Icing by Johnny Boychuk.
3:50 of 3rd period - Joe Sakic wins face-off versus Mats Sundin in Sabres zone.
4:01 of 3rd period - Snap shot by Mats Sundin.
4:01 of 3rd period - Stopped by Roberto Luongo with a rebound.
4:24 of 3rd period - Minor Penalty to Daniel Carcillo for Holding.
4:25 of 3rd period - Scott Gomez wins face-off versus Derick Brassard in Blackhawks zone.
4:57 of 3rd period - Snap shot by Ole-Kristian Tollefsen.
4:57 of 3rd period - Shot Misses the Net.
5:15 of 3rd period - Slapshot by Kris Versteeg.
5:15 of 3rd period - Stopped by Ty Conklin with a rebound.
6:06 of 3rd period - Snap shot by Ryan Hollweg.
6:06 of 3rd period - Stopped by Roberto Luongo with a rebound.
6:24 of 3rd period - Penalty to Daniel Carcillo is over, Daniel Carcillo is back on ice.
6:28 of 3rd period - Slapshot by Kris Versteeg.
6:28 of 3rd period - Stopped by Ty Conklin with a rebound.
6:36 of 3rd period - Snap shot by Kris Versteeg.
6:36 of 3rd period - Shot Misses the Net.
6:38 of 3rd period - Slapshot by Stephane Robidas.
6:38 of 3rd period - Shot Blocked by Jason Smith.
6:44 of 3rd period - Snap shot by Kris Versteeg.
6:44 of 3rd period - Deflect By Daniel Carcillo.
6:44 of 3rd period - Shot Misses the Net.
6:44 of 3rd period - Puck is out of play.
6:45 of 3rd period - Joe Sakic wins face-off versus Derick Brassard in Sabres zone.
6:46 of 3rd period - Slapshot by Loui Eriksson.
6:46 of 3rd period - Stopped by Ty Conklin without a rebound.
6:47 of 3rd period - Joe Sakic wins face-off versus Derick Brassard in Sabres zone.
6:50 of 3rd period - Wrist shot by Steve Bernier.
6:50 of 3rd period - Stopped by Ty Conklin without a rebound.
6:51 of 3rd period - Joe Sakic wins face-off versus Derick Brassard in Sabres zone.
6:52 of 3rd period - Snap shot by Steve Bernier.
6:52 of 3rd period - Stopped by Ty Conklin with a rebound.
6:58 of 3rd period - Wrist shot by Loui Eriksson.
6:58 of 3rd period - Deflect By Craig Rivet.
6:58 of 3rd period - Shot Misses the Net.
6:58 of 3rd period - Puck is out of play.
6:59 of 3rd period - Scott Gomez wins face-off versus Derick Brassard in Sabres zone.
7:26 of 3rd period - Boyd Devereaux is hit by Stephane Robidas and loses puck.
7:51 of 3rd period - Johnny Boychuk is hit by Loui Eriksson and loses puck.
8:00 of 3rd period - Craig Rivet is hit by Loui Eriksson.
8:10 of 3rd period - Johnny Boychuk is hit by Richard Matvichuk and loses puck.
8:26 of 3rd period - Hnat Domenichelli is hit by Niclas Bergfors and loses puck.
8:52 of 3rd period - Backhand shot by Colby Armstrong.
8:52 of 3rd period - Stopped by Ty Conklin without a rebound.
8:53 of 3rd period - Boyd Devereaux wins face-off versus Scott Gomez in Sabres zone.
9:08 of 3rd period - Snap shot by Rene Bourque.
9:08 of 3rd period - Deflect By Kris Versteeg.
9:08 of 3rd period - Stopped by Ty Conklin without a rebound.
9:09 of 3rd period - Mats Sundin wins face-off versus Joe Sakic in Sabres zone.
9:41 of 3rd period - Snap shot by Brent Burns.
9:41 of 3rd period - Goal by Brent Burns - Sabres : 2 - Blackhawks : 2.
9:42 of 3rd period - Derick Brassard wins face-off versus Scott Gomez in neutral zone.
9:54 of 3rd period - Snap shot by Rene Bourque.
9:54 of 3rd period - Deflect By Scott Gomez.
9:54 of 3rd period - Stopped by Ty Conklin without a rebound.
9:55 of 3rd period - Scott Gomez wins face-off versus Derick Brassard in Sabres zone.
9:58 of 3rd period - Snap shot by Scott Gomez.
9:58 of 3rd period - Shot Blocked by Ole-Kristian Tollefsen.
10:45 of 3rd period - Snap shot by Peter Prucha.
10:45 of 3rd period - Shot Blocked by Jordan Staal.
12:27 of 3rd period - Wrist shot by Curtis Glencross.
12:27 of 3rd period - Stopped by Roberto Luongo without a rebound.
12:28 of 3rd period - Scott Gomez wins face-off versus Mike Fisher in Blackhawks zone.
12:35 of 3rd period - Off-side.
12:36 of 3rd period - Derick Brassard wins face-off versus Kris Versteeg in neutral zone.
13:15 of 3rd period - Snap shot by James Neal.
13:15 of 3rd period - Deflect By Niclas Bergfors.
13:15 of 3rd period - Stopped by Roberto Luongo without a rebound.
13:16 of 3rd period - Joe Sakic wins face-off versus Mats Sundin in Blackhawks zone.
13:25 of 3rd period - Snap shot by Steve Bernier.
13:25 of 3rd period - Stopped by Ty Conklin without a rebound.
13:26 of 3rd period - Joe Sakic wins face-off versus Steve Downie in Sabres zone.
13:55 of 3rd period - Backhand shot by Loui Eriksson.
13:55 of 3rd period - Stopped by Ty Conklin without a rebound.
13:56 of 3rd period - Scott Gomez wins face-off versus Derick Brassard in Sabres zone.
14:21 of 3rd period - Kyle Calder is hit by George Parros and loses puck.
14:28 of 3rd period - George Parros is hit by Peter Prucha and loses puck.
14:49 of 3rd period - Snap shot by Richard Zednik.
14:49 of 3rd period - Shot Blocked by Steve Bernier.
14:51 of 3rd period - Slapshot by Curtis Glencross.
14:51 of 3rd period - Shot Hit the Post.
15:02 of 3rd period - Icing by Steve Downie.
15:03 of 3rd period - Chris Gratton wins face-off versus Mats Sundin in Sabres zone.
15:30 of 3rd period - Slapshot by Chris Gratton.
15:30 of 3rd period - Deflect By Ole-Kristian Tollefsen.
15:30 of 3rd period - Stopped by Ty Conklin with a rebound.
15:40 of 3rd period - Slapshot by Jason Smith.
15:40 of 3rd period - Stopped by Roberto Luongo without a rebound.
15:41 of 3rd period - Daniel Carcillo wins face-off versus Derick Brassard in Blackhawks zone.
15:48 of 3rd period - Wrist shot by Niclas Bergfors.
15:48 of 3rd period - Shot Blocked by Stephane Robidas.
15:56 of 3rd period - Slapshot by Jordan Staal.
15:56 of 3rd period - Stopped by Ty Conklin with a rebound.
16:06 of 3rd period - Rene Bourque is hit by Kyle Calder and loses puck.
16:41 of 3rd period - Snap shot by Peter Prucha.
16:41 of 3rd period - Shot Misses the Net.
16:43 of 3rd period - Snap shot by Kyle Calder.
16:43 of 3rd period - Shot Misses the Net.
16:45 of 3rd period - Wrist shot by Peter Prucha.
16:45 of 3rd period - Stopped by Roberto Luongo with a rebound.
16:47 of 3rd period - Backhand shot by Peter Prucha.
16:47 of 3rd period - Shot Blocked by Brent Burns.
16:49 of 3rd period - Snap shot by Peter Prucha.
16:49 of 3rd period - Shot Misses the Net.
17:03 of 3rd period - Snap shot by Kyle Calder.
17:03 of 3rd period - Stopped by Roberto Luongo without a rebound.
17:04 of 3rd period - Jordan Staal wins face-off versus Derick Brassard in Blackhawks zone.
17:19 of 3rd period - Slapshot by Jordan Staal.
17:19 of 3rd period - Shot Misses the Net.
17:25 of 3rd period - Minor Penalty to Ole-Kristian Tollefsen for Hooking.
17:26 of 3rd period - Scott Gomez wins face-off versus Boyd Devereaux in Sabres zone.
17:35 of 3rd period - Snap shot by Scott Gomez.
17:35 of 3rd period - Goal by Scott Gomez - Sabres : 2 - Blackhawks : 3.
17:36 of 3rd period - Jordan Staal wins face-off versus Derick Brassard in neutral zone.
18:11 of 3rd period - Icing by Brent Burns.
18:12 of 3rd period - Derick Brassard wins face-off versus Scott Gomez in Blackhawks zone.
19:14 of 3rd period - Minor Penalty to Peter Prucha for Hooking.
19:15 of 3rd period - Boyd Devereaux wins face-off versus Joe Sakic in Sabres zone.
Goals for this period are 0 for Sabres vs 2 for Blackhawks.
Shots for this period are 13 for Sabres vs 14 for Blackhawks.
Output by the SimonT Hockey Simulator (STHS) for François Prévost -- Original Page W3C XHTML 1.0 Valid